 Dungeon Crawl Stone Soup version 0.29.1-4-g47bece8355 (webtiles) character file.

Game seed: 7233367004503670522

379 H0rd4k the Insei (level 6, 0/42 HPs)
             Began as an Octopode Artificer on Dec 5, 2022.
             Slain by a wraith (10 damage)
             ... on level 5 of the Dungeon.
             The game lasted 00:05:22 (4956 turns).

H0rd4k the Insei (Octopode Artificer)               Turns: 4956, Time: 00:05:23

Health: 0/42       AC:  1    Str: 11    XL:     6   Next: 74%
Magic:  10/10      EV: 13    Int: 16    God:
Gold:   189        SH:  0    Dex: 12    Spells: 11/11 levels left

rFire   . . .      SeeInvis +     - Unarmed
rCold   . . .      Faith    .   (no shield)
rNeg    . . .      Spirit   .   (helmet restricted)
rPois   .          Reflect  .   e - amulet of magic regeneration
rElec   .          Harm     .   a - ring of see invisible
rCorr   .          Rampage  .   (no ring)
Will    .....                   (no ring)
Stlth   ++++......              (no ring)
HPRegen 0.14/turn               (no ring)
MPRegen 0.52/turn               (no ring)
                                (no ring)
                                (no ring)

@: no status effects
A: almost no armour, amphibious, 8 rings, camouflage 1, gelatinous body 1,
nimble swimmer 1, tentacles
a: no special abilities


You were on level 5 of the Dungeon.
You visited 1 branch of the dungeon, and saw 5 of its levels.

You collected 189 gold pieces.

Inventory:

Magical Staves
 h - a staff of air
 p - a staff of cold
Jewellery
 a - a ring of see invisible (left tentacle)
 d - an amulet of guardian spirit
 e - an amulet of magic regeneration (around mantle)
 q - a +6 ring of dexterity
Wands
 b - a wand of flame (1) (quivered)
 c - a wand of charming (2)
Scrolls
 k - 8 scrolls of identify
 r - a scroll of fog {unknown}
 s - a scroll of silence {unknown}
 t - a scroll of enchant armour {unknown}
Potions
 f - a potion of brilliance {unknown}
 g - a potion of lignification {unknown}
 j - 4 potions of berserk rage
 m - a potion of curing {unknown}


   Skills:
 * Level 3.2 Fighting
 - Level 2.3 Dodging
 - Level 1.3 Stealth
 + Level 4.3 Unarmed Combat
 * Level 3.0 Spellcasting
 - Level 3.2 Evocations


You had 11 spell levels left.
You didn't know any spells.
Your spell library contained the following spells:

 Spells                   Type           Power      Damage    Failure   Level
 Blink                    Tloc           4%         N/A       28%         2
 Conjure Flame            Conj/Fire      2%         6-21      50%         3
 Ignite Poison            Fire/Tmut/Pois 2%         N/A       50%         3
 Portal Projectile        Hex/Tloc       4%         N/A       50%         3
 Tukima's Dance           Hex            2%         N/A       50%         3
 Sticky Flame             Conj/Fire      2%         2d3       88%         4
 Blade Hands              Tmut           1%         N/A       99%         5
 Manifold Assault         Tloc           2%         N/A       99%         5
 Storm Form               Tmut/Air       1%         N/A       100%        7


Dungeon Overview and Level Annotations

Branches:
Dungeon (5/15)             Temple (0/1) D:4

Altars:

Annotations:
D:4 exclusions: ogre and scorpion


Innate Abilities, Weirdness & Mutations

You cannot wear most types of armour.
You are amphibious.
You can wear up to eight rings at the same time.
Your skin changes colour to match your surroundings (Stealth+).
Your rubbery body absorbs attacks. (AC +1, EV +1)
You are camouflaged when in or above water. (Stealth+)
You have tentacles for arms and can constrict up to eight enemies at once.


Message History

Press: ? - help, Shift-Dir - straight line, f - hound, p - orc
Aim: a hound (chance to affect: 66%)
The hound struggles to resist.
The adder bites your orc.
Your orc is poisoned.
The adder poisons your orc!
Your orc hits the adder with a +0 flail.
The adder bites your orc.
Your orc dies!
You hear a splash.
You tentacle-slap the hound. Your grab misses the hound.
Your squeeze misses the hound.
The hound is moderately wounded.
The hound closely misses you. The adder closely misses you.
Your gnoll splashes around in the water.
The hound barely misses you. The adder bites you but does no damage.
The hound splashes around in the water.
Your gnoll splashes around in the water.
Aiming: Charm
Press: ? - help, Shift-Dir - straight line, f - adder, p - hound
Aim: an adder (water, lightly wounded, chance to affect: 66%)
The adder is charmed.
You hear the slow hiss of a distant avalanche of sand.
The scorpion stings your gnoll! The hound bites you but does no damage.
Your gnoll hits the hound with a +0 flail.
The scorpion stings your gnoll.
Your gnoll dies!
You hear a splash.
The hound bites you.
* * * LOW HITPOINT WARNING * * *
Aiming: Charm
Press: ? - help, Shift-Dir - straight line, f - hound, p - adder
Aim: a hound (severely wounded, chance to affect: 66%)
The hound is charmed.
The wraith barely misses you.
Unknown command.
Aiming: Charm
Press: ? - help, Shift-Dir - straight line, f - scorpion, p - hound
Aim: a scorpion (chance to affect: 57%)
The scorpion resists with significant effort.
The wraith hits you!
You die...

#.#.#.######## #.#...#
# #.#...########
#......)......
####~~~~~~~~#####
###~~o~≈≈≈≈≈≈~~~~~#
###~~~≈≈≈≈≈≈≈≈≈≈≈≈≈~~
##~~~≈S≈≈≈~~~~~~≈≈≈≈≈≈
#~~≈≈@W~~~~####~)s~~≈≈
#~≈≈≈≈hs)#### #####~~~
#~≈≈~~~....# ...###
#~~~~#.....+ ...+..
######..P.P). ....###
#...≈≈P.# ...
#..P≈§.## ...s###
.....P.. ..##...
..'5...


You could see a wraith, a scorpion (ally target), an orc, a friendly hound
(charmed) and a friendly adder (charmed).

Vanquished Creatures
  A black bear (D:4)
  A hound (D:4)
  An orc priest (D:3)
  Terence (D:2)
  5 adders
  3 gnolls (D:3)
  A shadow imp (D:5)
  2 worms
  2 dart slugs
  8 orcs
  3 endoplasms
  A giant cockroach (D:3)
  13 goblins
  4 hobgoblins
  2 quokkas (D:4)
  6 ball pythons
  4 bats
  3 frilled lizards
  4 kobolds
  3 rats (D:3)
68 creatures vanquished.

Vanquished Creatures (collateral kills)
  A hound (D:4)
  A dart slug (D:5)
  4 orcs
6 creatures vanquished.

Vanquished Creatures (others)
  2 phantoms
  An orc priest (D:5)
  A gnoll (D:5)
  An orc (D:5)
  A goblin (D:2)
6 creatures vanquished.

Grand Total: 80 creatures vanquished

Notes
Turn   | Place    | Note
-------+----------+-------------------------------------------
     0 | D:1      | H0rd4k the Octopode Artificer began the quest for the Orb.
     0 | D:1      | Reached XP level 1. HP: 13/13 MP: 1/1
   263 | D:1      | Reached skill level 1 in Spellcasting
   420 | D:1      | Reached XP level 2. HP: 10/18 MP: 3/3
  1229 | D:1      | Reached XP level 3. HP: 24/24 MP: 5/5
  1431 | D:2      | Noticed Terence
  1441 | D:2      | Killed Terence
  1442 | D:2      | Reached skill level 1 in Unarmed Combat
  1721 | D:2      | Reached XP level 4. HP: 16/29 MP: 6/6
  1726 | D:2      | HP: 1/29 [goblin/+0 club (5)]
  2555 | D:3      | Reached skill level 2 in Unarmed Combat
  2639 | D:3      | Reached XP level 5. HP: 35/35 MP: 8/8
  3688 | D:3      | Reached skill level 3 in Unarmed Combat
  3911 | D:4      | Reached XP level 6. HP: 42/42 MP: 9/9
  4022 | D:4      | Found a staircase to the Ecumenical Temple.
  4132 | D:4      | Noticed a black bear
  4393 | D:4      | Killed a black bear
  4394 | D:4      | Reached skill level 4 in Unarmed Combat
  4853 | D:5      | Entered Level 5 of the Dungeon
  4946 | D:5      | Noticed a wraith
  4956 | D:5      | Slain by a wraith

Illustrated notes

Levels and vault maps discovered:
D:1:      minmay_arrival_five_plusses, layout_loops_cross
D:2:      layout_basic, minmay_goblin_kobold_house, uniq_terence
D:3:      layout_rooms, serial_co_window_serial, co_window_corner_a,
          co_window_paths_b, co_window_corner_a, co_window_corner_a,
          co_window_corner_a, co_window_of_opportunity_c, co_window_broadway_a,
          co_window_corner_cb, co_window_paths_c, co_window_cross_4,
          glass_columns_c, glass_columns_a, glass_columns_b, glass_columns_a
D:4:      layout_basic, minmay_temple_entry_trees
D:5:      wander_river, layout_basic, nzn_hepliaklqana_mist_gate,
          nzn_wu_jian_council_hall, serial_demonic, serial_demonic_e,
          serial_demonic_a, serial_demonic_g, serial_demonic_d,
          serial_demonic_d, nicolae_ossuary_entry_false_entrances,
          nicolae_alphabet_shops, grunt_ministairs_3, st_stairs_7,
          minmay_fractal_squares_5

Skill      XL: |  1  2  3  4  5  6 |
---------------+-------------------+-----
Spellcasting   | 1 2 3 |  3.0
Fighting       | 2 3 |  3.2
Unarmed Combat | 1 2 3 4 |  4.3
Dodging        | |  2.3
Stealth        | |  1.3
Evocations     | |  3.2

Action                   |  1- 3 |  4- 6 || total
-------------------------+-------+-------++-------
Melee: Unarmed           |    63 |    96 ||   159
       Constrict         |    18 |    25 ||    43
       Tentacles         |    13 |    24 ||    37
       Punch             |     1 |     2 ||     3
Evoke: Wand              |     4 |    28 ||    32
  Use: Scroll            |       |     5 ||     5
 Stab: Sleeping          |     5 |     6 ||    11
Armor: Skin              |     6 |     4 ||    10
Dodge: Dodged            |    40 |    62 ||   102
